 Dungeon Crawl Stone Soup version 0.27-a0-1101-ge311f74bc8 (webtiles) character file.

Game seed: 8034703782345636399

134 vurker the Chopper (level 5, -6/33 HPs)
             Began as a Tengu Fighter on Apr 28, 2021.
             Killed by nerve-wracking pain
             ... invoked by Grinder
              (11 damage)
             ... on level 3 of the Dungeon.
             The game lasted 00:03:39 (3120 turns).

vurker the Chopper (Tengu Fighter)                  Turns: 3120, Time: 00:03:40

Health: -6/33      AC:  8    Str: 17    XL:     5   Next: 17%
Magic:  6/6        EV:  8    Int:  8    God:
Gold:   52         SH:  9    Dex: 14    Spells: 4/4 levels left

rFire    . . .     SeeInvis .   a - +0 war axe
rCold    + . .     Faith    .   c - +0 kite shield
rNeg     . . .     Spirit   .   b - +0 scale mail
rPois    +         Reflect  .   (helmet restricted)
rElec    .         Harm     .   m - +0 cloak
rCorr    .         Rampage  .   (no gloves)
Will     .....                  (boots unavailable)
Stlth    ..........             (no amulet)
HPRegen  0.11/turn              g - ring of poison resistance
MPRegen  0.10/turn              h - ring of protection from cold

@: brilliant, flying quickly and evasively, quick
A: beak, talons 3, nimble flight
a: no special abilities


You were on level 3 of the Dungeon.
You visited 1 branch of the dungeon, and saw 3 of its levels.

You collected 52 gold pieces.

Inventory:

Hand Weapons
 a - a +0 war axe (weapon)
Armour
 b - a +0 scale mail (worn)
 c - a +0 kite shield (worn)
 m - a +0 cloak (worn)
   (You found it on level 2 of the Dungeon)
Jewellery
 g - a ring of poison resistance (left hand)
   (You found it on level 1 of the Dungeon)
 h - a ring of protection from cold (right hand)
   (You found it on level 1 of the Dungeon)
Scrolls
 f - a scroll of magic mapping {unknown}
 i - a scroll of identify {unknown}
 j - a scroll of silence {unknown}
 l - a scroll of immolation {unknown}
 n - a scroll of noise {unknown}
 o - a scroll of blinking {unknown}
 p - a scroll of summoning {unknown}
 q - a scroll of teleportation {unknown}
Potions
 d - a potion of flight {unknown}
 e - a potion of invisibility {unknown}
 k - a potion of brilliance


   Skills:
 + Level 3.8 Fighting
 * Level 4.4 Axes
 - Level 3.2 Armour
 + Level 3.7 Shields


You had 4 spell levels left.
You didn't know any spells.
Your spell library contained the following spells:

 Spells                   Type           Power      Damage    Failure   Level
 Beastly Appendage        Tmut           0%         N/A       99%         1
 Sandblast                Erth           0%         2d4       99%         1
 Passwall                 Tmut/Erth      0%         N/A       100%        2
 Wereblood                Tmut           0%         N/A       100%        2
 Spider Form              Tmut/Pois      0%         N/A       100%        3
 Stone Arrow              Conj/Erth      0%         3d7       100%        3
 Ice Form                 Ice/Tmut       0%         N/A       100%        4
 Petrify                  Tmut/Erth      0%         N/A       100%        4
 Hydra Form               Tmut           0%         N/A       100%        5
 Lee's Rapid Deconstruct  Erth           0%         3d5*      100%        5


Dungeon Overview and Level Annotations

Branches:
Dungeon (3/15)

Altars:
Makhleb

Annotations:
D:3 Grinder


Innate Abilities, Weirdness & Mutations

You have a beak for a mouth.
You have claws for feet.
Your magical nature lets you fly swiftly and evasively.


Message History

No target in view!
No target in view!
No target in view!
No target in view!
No target in view!
No target in view!
No target in view!
No target in view!
No target in view!
No target in view!
No target in view!
No target in view!
You see here a ball python corpse.
Found 8 gold pieces.
You now have 52 gold pieces (gained 8).
Grinder comes into view.
Grinder shouts!
Grinder says, "My boss said I was rubbish.
His entrails said otherwise."
You closely miss Grinder. Your peck misses Grinder.
Grinder blinks!
Found a chain mail.
You hit Grinder. Your kick misses Grinder. Grinder closely misses you.
Grinder says, "There's only one good use for a tongue: cutting it out."
You block Grinder's attack.
You slash Grinder! Grinder hits you.
You writhe in agony.
Grinder barely misses you.
You closely miss Grinder. You peck Grinder. You block Grinder's attack.
You closely miss Grinder. Grinder gestures at you.
You resist with significant effort. Grinder hits you.
You writhe in agony.
Your shield and scale mail prevent you from hitting Grinder.
You claw Grinder. Your peck misses Grinder. Grinder gestures at you.
You suddenly lose the ability to move!
Grinder hits you.
You writhe in agony.
* * * LOW HITPOINT WARNING * * *
Grinder hits you.
* * * LOW HITPOINT WARNING * * *
You writhe in agony.
* * * LOW HITPOINT WARNING * * *
Grinder hits you but does no damage. x2
Grinder hits you.
* * * LOW HITPOINT WARNING * * *
You can move again.
Unknown command.
Unknown command.
It was a potion of brilliance.
You feel clever all of a sudden. Grinder gestures at you.
Pain shoots through your body!
You die...

######### ###
#.......# ##..
#.#####.#####
#..# #@#
#.....###.##
[.....5.#
#.........#
#######.#
#..##.###.##
#.#
###..#.......#
#..
.....#...#####
### ..##....##
.... #....#
### #....#
#.#..#


You could see Grinder.

Vanquished Creatures
  Terence (D:2)
  4 gnolls
  An adder (D:2)
  A worm (D:2)
  3 dart slugs
  5 endoplasms
  2 giant cockroaches (D:1)
  3 hobgoblins
  4 quokkas
  10 ball pythons
  6 bats
  3 frilled lizards
  3 goblins (D:2)
  4 kobolds
  4 rats
54 creatures vanquished.

Vanquished Creatures (others)
  2 withered plants (D:1)
2 creatures vanquished.

Grand Total: 56 creatures vanquished

Notes
Turn   | Place    | Note
-------+----------+-------------------------------------------
     0 | D:1      | vurker the Tengu Fighter began the quest for the Orb.
     0 | D:1      | Reached XP level 1. HP: 14/14 MP: 2/2
    81 | D:1      | Reached XP level 2. HP: 19/19 MP: 3/3
   227 | D:1      | Found a faded altar of an unknown god.
   283 | D:1      | Reached skill level 3 in Axes
   456 | D:1      | Reached XP level 3. HP: 23/23 MP: 4/4
  1161 | D:2      | Found a burning altar of Makhleb.
  1453 | D:2      | Reached XP level 4. HP: 28/28 MP: 5/5
  1507 | D:2      | Noticed Terence
  1525 | D:2      | Killed Terence
  1526 | D:2      | Reached skill level 4 in Axes
  2391 | D:2      | Gained mutation: Your magical nature lets you fly swiftly
                  | and evasively. [Tengu growth]
  2391 | D:2      | Reached XP level 5. HP: 32/33 MP: 6/6
  3103 | D:3      | Noticed Grinder
  3114 | D:3      | Paralysed by Grinder for 6 turns
  3120 | D:3      | Killed from afar by Grinder

Illustrated notes

Levels and vault maps discovered:
D:1:      minmay_arrival_shattered_statue, layout_basic,
          ebering_ecumenical_altar_petrified
D:2:      layout_loops_ring, basic_altar, uniq_terence
D:3:      layout_loops_ring, hellmonk_ghost_happy_afterlife,
          minmay_joined_circles, uniq_grinder

Skill      XL: |  1  2  3  4 |
---------------+-------------+-----
Axes           | 3 4 |  4.4
Fighting       | |  3.8
Armour         | |  3.2
Shields        | |  3.7

Action                   |  1- 3 |  4- 6 || total
-------------------------+-------+-------++-------
Melee: War axe           |    58 |    54 ||   112
       Kick              |    16 |     9 ||    25
       Peck              |     6 |    11 ||    17
  Use: Potion            |       |     2 ||     2
Armor: Scale mail        |    21 |    13 ||    34
Dodge: Dodged            |    18 |    15 ||    33
Block: Kite shield       |    27 |    22 ||    49

Table legend: (Time is in decaauts)
 A = Elapsed time spent in this place.
 B = Non-inter-level travel time spent in this place.
 C = Inter-level travel time spent in this place.
 D = Time resting spent in this place.
 E = Time spent auto-exploring this place.
 F = Levels seen in this place.
 G = Mean time per level.
                   A        B        C        D        E       F      G
               +--------+--------+--------+--------+--------+-----+--------+
         Total |   3118 |   3030 |     88 |     57 |   2526 |   3 | 1039.3 |
       Dungeon |   3118 |   3030 |     88 |     57 |   2526 |   3 | 1039.3 |
               +--------+--------+--------+--------+--------+-----+--------+

Top non-repeatable levels by time:
     D:2: 1570 daAuts
     D:1: 1241 daAuts
     D:3: 305 daAuts
